Map: World of Sleepers LE

Players

MaSa

  • Race: Terran Terran
  • Spawn Location: 7:00

Stephano - Winner!

  • Race: Zerg Zerg
  • Spawn Location: 1:00

VOD

Have the link to the VOD?

Description

Time

  • Played on: Sept. 7, 2019, 3:14 p.m.
  • Length: 8:18
Show
View Real Time Build Order
Export as new Build Order

MaSa Terran 

Build Orders: Reaper Expand, Hellion Banshee, Mech 

Get SALT Encoding   

  12  0:00  SCV  
  13  0:13  SCV  
  14  0:17  Supply Depot  
  14  0:25  SCV  
  15  0:38  SCV  
  15  0:40  Barracks  
  16  0:44  Refinery  
  16  0:50  SCV  
  17  1:02  SCV  
  18  1:14  SCV  
  19  1:27  Orbital Command, Reaper  
  20  1:37  Command Center  
  20  1:47  Supply Depot  
  20  1:53  SCV  
  21  1:59  Marine  
  22  2:05  SCV  
  23  2:10  Factory  
  23  2:16  Marine  
  23  2:17  SCV  
  25  2:31  SCV  
  25  2:36  Barracks Reactor  
  26  2:38  Command Center  
  26  2:44  SCV  
  26  2:46  Refinery  
  26  2:51  Orbital Command  
  27  2:57  SCV  
  28  3:02  Starport  
  28  3:09  SCV  
  29  3:18  Barracks Tech Lab  
  29  3:19  Hellion x2  
  34  3:20  SCV  
  34  3:22  SCV  
  35  3:32  SCV  
  37  3:34  SCV  
  37  3:40  Hellion x2  
  41  3:44  SCV  
  41  3:45  Cloaking Field  
  41  3:46  SCV  
  43  3:48  Banshee  
  43  3:54  Orbital Command  
  46  3:56  SCV  
  46  3:59  SCV  
  48  4:04  Hellion x2  
  48  4:08  SCV  
  53  4:11  Supply Depot  
  53  4:12  SCV  
  54  4:19  Refinery x2  
  54  4:20  SCV x2  
  56  4:24  SCV  
  56  4:30  Hellion  
  59  4:32  SCV, Banshee  
  59  4:34  Hellion  
  59  4:35  SCV  
  59  4:37  Supply Depot  
  66  4:39  SCV  
  66  4:44  SCV  
  68  4:49  SCV  
  68  4:50  Factory  
  68  4:51  Factory  
  69  4:57  Barracks Tech Lab  
  69  4:59  Hellion  
  71  5:01  Supply Depot  
  71  5:02  Supply Depot, Hellion  
  71  5:03  SCV  
  71  5:06  SCV  
  75  5:07  SCV  
  76  5:15  SCV  
  76  5:17  Armory  
  76  5:20  Armory  
  77  5:22  SCV, Banshee  
  77  5:28  SCV  
  82  5:29  SCV  
  82  5:33  Hyperflight Rotors  
  82  5:34  SCV  
  84  5:40  SCV  
  86  5:42  SCV  
  86  5:43  Factory Tech Lab  
  86  5:45  Supply Depot  
  86  5:46  SCV  
  86  5:47  Supply Depot  
  90  5:53  Siege Tank  
  90  5:58  SCV  
  90  5:59  SCV  
  90  6:02  Supply Depot  
  89  6:05  Banshee  
  89  6:06  Hellion x2  
  89  6:07  Siege Tank  
  100  6:15  Orbital Command  
  100  6:20  SCV x2  
  101  6:28  Refinery  
  101  6:29  Hellion x2  
  101  6:32  SCV, Refinery  
  106  6:33  Siege Tank  
  109  6:40  SCV  
  110  6:54  Supply Depot x2  
  98  7:13  SCV x2  
  98  7:14  Banshee, Siege Tank, Hellion x2  
  77  7:15  SCV  
  64  7:25  SCV  
  64  7:26  Siege Tank  
  64  7:27  SCV  
  64  7:29  Orbital Command  
  61  7:35  Hellion x2  
  64  7:37  SCV  
  64  7:39  SCV  
  64  7:41  Factory  
  64  7:42  Factory  
  65  7:49  SCV  
  61  7:51  SCV  
  61  7:56  SCV  
  61  7:57  Hellion x2  
  59  8:01  SCV  
  59  8:03  SCV  
Show
View Real Time Build Order
Export as new Build Order

Stephano Zerg - Winner!

Build Orders: Hatch First 

Get SALT Encoding   

  12  0:00  Drone  
  13  0:12  Overlord  
  13  0:17  Drone  
  14  0:30  Drone x2  
  16  0:47  Hatchery  
  15  0:51  Drone  
  15  0:54  Drone  
  17  0:57  Drone  
  18  1:08  Extractor  
  17  1:13  Spawning Pool  
  17  1:15  Drone  
  17  1:19  Drone  
  18  1:28  Drone  
  19  1:38  Drone  
  20  1:50  Drone  
  21  1:59  Queen x2  
  21  2:00  Zergling x4  
  27  2:11  Overlord  
  27  2:12  Drone  
  28  2:23  Hatchery  
  28  2:24  Drone  
  28  2:31  Drone x2  
  28  2:32  Drone  
  31  2:37  Queen  
  33  2:50  Overlord  
  33  2:51  Drone  
  34  2:53  Drone  
  34  2:57  Drone  
  36  3:09  Overlord, Drone x2  
  36  3:11  Drone x2  
  40  3:19  Queen  
  40  3:22  Drone x2  
  44  3:27  Overlord  
  44  3:30  Queen  
  46  3:39  Roach Warren  
  45  3:42  Evolution Chamber  
  45  3:44  Drone x3  
  45  3:46  Evolution Chamber  
  46  3:50  Overlord  
  46  3:51  Overlord  
  46  3:53  Drone  
  47  3:56  Drone  
  47  3:57  Drone  
  47  4:00  Drone  
  50  4:05  Drone x3  
  50  4:06  Unknown  
  50  4:07  Lair  
  52  4:10  Drone x2  
  52  4:16  Zerg Ground Armor Level 1  
  54  4:18  Drone  
  54  4:21  Queen  
  57  4:26  Overlord  
  57  4:29  Overlord  
  57  4:30  Drone  
  58  4:38  Queen  
  60  4:45  Drone  
  60  4:46  Drone x5  
  60  4:49  Roach x2  
  60  4:50  Roach  
  72  4:56  Roach x3  
  72  4:59  Spore Crawler  
  77  5:04  Roach x2  
  77  5:05  Spore Crawler  
  77  5:06  Glial Reconstitution  
  80  5:10  Roach  
  82  5:18  Roach x4  
  90  5:23  Overlord  
  90  5:24  Overseer  
  90  5:28  Roach  
  89  5:29  Overlord  
  89  5:32  Overlord  
  89  5:34  Overlord  
  89  5:35  Overlord  
  89  5:41  Roach x4  
  97  5:48  Roach x3  
  103  5:51  Roach  
  103  5:52  Roach  
  103  5:56  Roach  
  109  6:01  Roach  
  111  6:05  Roach x2  
  111  6:09  Drone x3  
  111  6:10  Drone x2  
  120  6:11  Queen  
  120  6:16  Ravager  
  123  6:19  Overseer  
  123  6:21  Drone x3  
  123  6:22  Drone  
  123  6:23  Overseer, Extractor  
  123  6:24  Extractor  
  125  6:27  Ravager  
  126  6:39  Hatchery  
  125  6:41  Overlord, Roach x2  
  125  6:43  Overlord  
  125  6:44  Overlord  
  125  6:45  Overseer  
  129  6:49  Ravager  
  129  6:51  Overlord  
  129  6:52  Overlord  
  129  7:01  Zergling x10  
  123  7:11  Roach  
  123  7:12  Roach x2  
  123  7:15  Roach x2  
  118  7:20  Roach  
  110  7:22  Queen  
  110  7:23  Queen  
  110  7:28  Roach x2  
  112  7:31  Queen  
  112  7:35  Overseer  
  114  7:37  Roach  
  114  7:38  Roach x2  
  120  7:49  Roach x3  
  126  7:53  Ravager x2  
  126  7:55  Extractor, Drone x2  
Tags
 
Add a new tag
Caveats
  • Supply blocks, unpowered buildings, or Contaminate may cause inaccurate times.
  • Supply counts are checked every 10 seconds.